Cogmind - Beta 12 @@@ ROGUE MODE // 2023.05.10 @ 07:38:03 Player: Happytimes Result: Self-destructed Performance ------------- Evolutions (2) 1000 Regions Visited (5) 1000 Robots Destroyed (14) 70 Value Destroyed (438) 438 Prototype IDs (0) 0 Alien Tech Used (0) 0 Bonus (12) 12 TOTAL SCORE: 2520 Bonus ------- Follower Combat Kills 146 Friendly Fire -134 Cogmind --------- Core Integrity 464/550 Matter 211/300 Energy 250/250 System Corruption 0% Temperature Cool (0) Movement Core (250) Ox4 Location -8/Materials Parts ------- > --- POWER (2) -------- Ion Engine > --- PROPULSION (3) --- (None) > --- UTILITY (4) ------ Small Storage Unit > --- WEAPON (2) ------- Small Laser Rocket Launcher > --- INVENTORY (8) ---- Light Nuclear Core Hover Unit Assault Rifle Grenade Launcher Hammer Hammer Peak State ------------ > --- POWER ------------ Ion Engine > --- PROPULSION ------- Wheel Compact Wheel > --- UTILITY ---------- Small Storage Unit > --- WEAPON ----------- Small Laser Rocket Launcher > --- INVENTORY -------- Light Nuclear Core Hover Unit Assault Rifle Grenade Launcher Hammer Hammer [Rating: 7] Favorites ----------- Power Ion Engine Engine Ion Engine Propulsion Wheel Wheel Wheel Utility Small Storage Unit Storage Small Storage Unit Weapon Assault Rifle Energy Gun Small Laser Ballistic Gun Assault Rifle Launcher Grenade Launcher Build | -11 -10 -10 -10 -9 -8 ------- Run | Jun Mat Min Exi Min Mat Slots Evolved 4 | . . . . . 4 Power 1 | . . . . . 1 Propulsion 1 | . . . . . 1 Utility 2 | . . . . . 2 Weapon . | . . . . . . Parts Attached 9 | 6 2 . . . 1 Power 1 | 1 . . . . . Engine 1 | 1 . . . . . Core . | . . . . . . Reactor . | . . . . . . Propulsion 2 | 2 . . . . . Treads . | . . . . . . Leg . | . . . . . . Wheel 2 | 2 . . . . . Hover . | . . . . . . Flight . | . . . . . . Utility 1 | 1 . . . . . Device . | . . . . . . Storage 1 | 1 . . . . . Processor . | . . . . . . Hackware . | . . . . . . Protection . | . . . . . . Artifact . | . . . . . . Weapon 5 | 2 2 . . . 1 Energy Gun 2 | 1 1 . . . . Energy Cannon . | . . . . . . Ballistic Gun 1 | 1 . . . . . Ballistic Cannon . | . . . . . . Launcher 2 | . 1 . . . 1 Special Weapon . | . . . . . . Impact Weapon . | . . . . . . Slashing Weapon . | . . . . . . Piercing Weapon . | . . . . . . Special Melee Weapon . | . . . . . . Unidentified Prototypes . | . . . . . . Parts Lost 2 | . . . . . 2 Power . | . . . . . . Propulsion 2 | . . . . . 2 Utility . | . . . . . . Weapon . | . . . . . . Highest Loss Streak 2 | . . . . . 2 To Critical Strikes . | . . . . . . Average Slot Usage (%) 79 | . 85 85 85 85 51 Engine 13 | . 14 14 14 14 9 Wheel 26 | . 28 28 28 28 15 Storage 13 | . 14 14 14 14 9 Energy Gun 12 | . 8 14 14 14 9 Ballistic Gun 12 | . 14 14 14 14 7 Launcher 1 | . 5 . . . 2 Naked Turns . | . . . . . . Heaviest Build 15 | 13 15 13 13 13 15 Greatest Support 26 | 26 26 26 26 26 26 Greatest Overweight (x) . | . . . . . . Average Overweight (x) . | . . . . . . Largest Inventory Capacity 8 | 8 8 8 8 8 8 Average Capacity 7 | 6 8 8 8 8 8 Most Carried 6 | 4 4 4 4 5 6 Average Carried 3 | . 1 4 4 4 5 Final Capacity 8 | 8 8 8 8 8 8 Final Carried 6 | . 4 4 4 5 6 Class Distribution -------------------- 100% | Mutant Dominant Class ---------------- Mutant | -10/Materials Mutant | -10/Mines Mutant | -10/Exiles Mutant | -9/Mines Mutant | -8/Materials Resources | -11 -10 -10 -10 -9 -8 ----------- Run | Jun Mat Min Exi Min Mat Matter Collected 326 | 205 80 23 . . 18 Remotely . | . . . . . . Salvage Created 410 | . 80 . . . 330 Parts 21 | . 4 . . . 17 Haulers Intercepted 2 | . 1 . . . 1 Recyclers Shooed . | . . . . . . Parts Field Recycled . | . . . . . . Retrieved Matter . | . . . . . . Parts Self-Destructed . | . . . . . . Prevented . | . . . . . . Kills | -11 -10 -10 -10 -9 -8 ------- Run | Jun Mat Min Exi Min Mat Combat Hostiles Destroyed 11 | . 3 . . . 8 Guns 1 | . . . . . 1 AOE 10 | . 3 . . . 7 Classes Destroyed 5 | . 2 . . . 3 Hauler 2 | . 1 . . . 1 Swarmer 3 | . 3 . . . . Grunt 6 | . . . . . 6 Sentry 1 | . . . . . 1 Specialist 2 | . . . . . 2 Best Kill Streak 9 | . 3 . . . 9 Combat Bots Only 8 | . 3 . . . 8 Max Kills in Single Turn 3 | . 3 . . . 3 Gunslinging . | . . . . . . Exploded 3 | . 3 . . . 3 Melee . | . . . . . . Uniques/NPCs Destroyed . | . . . . . . Combat | -11 -10 -10 -10 -9 -8 -------- Run | Jun Mat Min Exi Min Mat Damage Taken 310 | . 10 . . 14 286 Core 88 | . . . . 2 86 Absorbed by Shields . | . . . . . . Core Remaining (%) 99 | 100 . . . 99 . Volleys Fired 24 | . 7 . . . 17 Largest 2 | . 2 . . . 2 Hottest 60 | . 60 . . . 60 Shots Fired 40 | . 13 . . . 27 Gun 32 | . 12 . . . 20 Cannon . | . . . . . . Launcher 8 | . 1 . . . 7 Special . | . . . . . . Kinetic 16 | . 6 . . . 10 Thermal 16 | . 6 . . . 10 Explosive 8 | . 1 . . . 7 Electromagnetic . | . . . . . . Robot Hit Streak 5 | . 4 . . . 5 Robot Miss Streak 3 | . 1 . . . 3 Penetration Max . | . . . . . . Secondary Targets . | . . . . . . Shots Hit Robots 24 | . 10 . . . 14 Core Hits 30 | . 5 . . . 25 Critical Kills . | . . . . . . Critical Parts Destroyed . | . . . . . . Critical Strikes . | . . . . . . Melee Attacks . | . . . . . . Impact . | . . . . . . Slashing . | . . . . . . Piercing . | . . . . . . Sneak Attacks . | . . . . . . Combat Hostiles . | . . . . . . Follow-up Attacks . | . . . . . . Damage Inflicted 1394 | . 231 . . 5 1158 Guns 237 | . 106 . . . 131 Cannons . | . . . . . . Explosions 1152 | . 125 . . . 1027 Melee . | . . . . . . Ramming 5 | . . . . 5 . Kinetic 174 | . 76 . . . 98 Thermal 63 | . 30 . . . 33 Explosive 1152 | . 125 . . . 1027 Electromagnetic . | . . . . . . Impact . | . . . . . . Slashing . | . . . . . . Piercing . | . . . . . . Highest Corruption . | . . . . . . Average Corruption . | . . . . . . Corruption Purged . | . . . . . . Corruption Blocked . | . . . . . . Overload Shots . | . . . . . . Overflow Damage . | . . . . . . Projectiles . | . . . . . . Explosions . | . . . . . . Melee . | . . . . . . Knockbacks . | . . . . . . Impact . | . . . . . . Kinetic . | . . . . . . Secondary . | . . . . . . Self-Inflicted Damage 7 | . . . . 2 5 Shots 1 | . . . . . 1 Rammed 1 | . . . . 1 . Targets Rammed 1 | . . . . 1 . Kicked . | . . . . . . Crushed . | . . . . . . Highest Temperature 24 | . . . . . 24 Average Temperature 9 | . . . . . 9 Received Heat Transfer 135 | . . . . . 135 Siege Activations . | . . . . . . Robots Corrupted . | . . . . . . Combat Hostiles . | . . . . . . Parts Fried . | . . . . . . Impact Corruptions . | . . . . . . Robots Melted . | . . . . . . Combat Hostiles . | . . . . . . Parts Melted . | . . . . . . Heat Transferred 150 | . 75 . . . 75 Parts Sabotaged . | . . . . . . Parts Stolen . | . . . . . . Parts Stripped . | . . . . . . Power Chain Reactions . | . . . . . . Missiles Intercepted . | . . . . . . Alert | -11 -10 -10 -10 -9 -8 ------- Run | Jun Mat Min Exi Min Mat Peak Influence 332 | . 87 33 . . 332 Initial 33 | . . 33 . . . Average 43 | . 62 33 . . 106 Maximum Alert Level 1 | . . . . . 1 Low Security (%) 97 | 100 100 100 . 100 86 Level 1 2 | . . . . . 13 Level 2 . | . . . . . . Level 3 . | . . . . . . Level 4 . | . . . . . . Level 5 . | . . . . . . High Security . | . . . . . . Max Security . | . . . . . . Squads Dispatched 4 | . . . . . 4 Investigation 1 | . . . . . 1 Extermination . | . . . . . . Reinforcement 3 | . . . . . 3 Assault . | . . . . . . Garrison . | . . . . . . Intercept . | . . . . . . Searches Triggered . | . . . . . . Construction Impeded . | . . . . . . Haulers Reinforced . | . . . . . . Active Scanning Responses . | . . . . . . Cargo Convoy Interrupts . | . . . . . . Stealth | -11 -10 -10 -10 -9 -8 --------- Run | Jun Mat Min Exi Min Mat Distress Signals 1 | . . . . . 1 Communications Jammed . | . . . . . . Distress Signals . | . . . . . . Times Spotted 20 | . 4 . . . 16 Peak Tracking Total 7 | . 3 . . . 7 Tactical Retreats . | . . . . . . Traps | -11 -10 -10 -10 -9 -8 ------- Run | Jun Mat Min Exi Min Mat Traps Triggered . | . . . . . . Indirectly . | . . . . . . Trap Hack Attempts . | . . . . . . Triggered . | . . . . . . Disarmed . | . . . . . . Reprogrammed . | . . . . . . Reused . | . . . . . . Traps Extracted . | . . . . . . Installed . | . . . . . . Triggered . | . . . . . . Machines | -11 -10 -10 -10 -9 -8 ---------- Run | Jun Mat Min Exi Min Mat Machines Disabled . | . . . . . . Max in Single Turn . | . . . . . . Machines Repaired . | . . . . . . Machines Sabotaged . | . . . . . . Overloaded Fab Kills . | . . . . . . Hacking | -11 -10 -10 -10 -9 -8 --------- Run | Jun Mat Min Exi Min Mat Machines Accessed 3 | . 1 . . 1 1 Terminals 2 | . 1 . . . 1 Fabricators . | . . . . . . Repair Stations . | . . . . . . Recycling Units . | . . . . . . Scanalyzers . | . . . . . . Garrison Access . | . . . . . . Total Hacks 5 | . 1 . . 1 3 Successful 3 | . 1 . . 1 1 Failed 2 | . . . . . 2 Catastrophic . | . . . . . . Database Lockouts . | . . . . . . Manual . | . . . . . . Terminals 4 | . 1 . . . 3 Fabricators . | . . . . . . Repair Stations . | . . . . . . Recycling Units . | . . . . . . Scanalyzers . | . . . . . . Garrison Access . | . . . . . . Terminal Hacks 3 | . 1 . . 1 1 Open Door 1 | . . . . 1 . Zone Layout 2 | . 1 . . . 1 Fabricator Hacks . | . . . . . . Repair Station Hacks . | . . . . . . Recycling Unit Hacks . | . . . . . . Scanalyzer . | . . . . . . Garrison Access Hacks . | . . . . . . Unauthorized Hacks . | . . . . . . Terminals . | . . . . . . Fabricators . | . . . . . . Repair Stations . | . . . . . . Recycling Units . | . . . . . . Scanalyzers . | . . . . . . Garrison Access . | . . . . . . Data Cores Recovered . | . . . . . . Used . | . . . . . . Hacking Detections 2 | . 1 . . . 1 Full Trace Events 1 | . . . . . 1 Feedback Events . | . . . . . . Feedback Blocked . | . . . . . . Robot Schematics Acquired . | . . . . . . Robots Built . | . . . . . . Authchips . | . . . . . . Time . | . . . . . . Total Robot Build Rating . | . . . . . . Part Schematics Acquired . | . . . . . . Parts Built . | . . . . . . Authchips . | . . . . . . Time . | . . . . . . Total Part Build Rating . | . . . . . . Parts Repaired . | . . . . . . Time . | . . . . . . Parts Recycled . | . . . . . . Recycled Matter . | . . . . . . Retrieved Matter . | . . . . . . Retrieved Components . | . . . . . . Parts Scanalyzed . | . . . . . . Part Schematics Acquired . | . . . . . . Parts Damaged . | . . . . . . Bothacking | -11 -10 -10 -10 -9 -8 ------------ Run | Jun Mat Min Exi Min Mat Used RIF Installer . | . . . . . . Robots Hacked . | . . . . . . Non-combat . | . . . . . . Combat . | . . . . . . Robot Hacks Applied . | . . . . . . Relay Couplers Released . | . . . . . . Fabnet Peak Effective % . | . . . . . . Robots Rewired . | . . . . . . Allies Hacked . | . . . . . . Hacks Repelled . | . . . . . . Allies | -11 -10 -10 -10 -9 -8 -------- Run | Jun Mat Min Exi Min Mat Total Allies 3 | . . 3 . . . Largest Group 3 | . . 3 3 3 3 Highest-Rated Group 40 | . . 40 40 40 40 Highest-Rated Ally 16 | . . 16 16 16 16 Total Orders . | . . . . . . Ally Attacks 33 | . . . . . 33 Total Damage 371 | . . . . . 371 Kills 6 | . . . . . 6 Allies Corrupted . | . . . . . . Allies Melted . | . . . . . . Intel | -11 -10 -10 -10 -9 -8 ------- Run | Jun Mat Min Exi Min Mat Robot Analysis Total . | . . . . . . Derelict Logs Recovered 1 | . . 1 . . . Drone Launches . | . . . . . . Drone Recoveries . | . . . . . . Exploration | -11 -10 -10 -10 -9 -8 ------------- Run | Jun Mat Min Exi Min Mat Turns Passed 649 | 41 107 110 196 106 89 Spaces Moved 577 | 41 88 105 194 105 44 Core 18 | 18 . . . . . Treads . | . . . . . . Legs . | . . . . . . Wheels 559 | 23 88 105 194 105 44 Hover . | . . . . . . Flight . | . . . . . . Fastest Speed 50 | 50 90 90 90 90 90 Average Speed 88 | 72 90 90 90 90 90 Slowest Speed 90 | 90 90 90 90 90 90 Overloaded Moves . | . . . . . . Propulsion Burnouts . | . . . . . . Robots Hopped . | . . . . . . Cave-ins Triggered . | . . . . . . Exploration Rate (%) 23 | 3 19 34 49 29 7 Regions Visited 5 Branch Regions 3 Pre-discovered Areas . | . . . . . . Known Exits Taken . | . . . . . . Unknown Exits Taken 5 | 1 1 1 1 1 . Scrap Searched 2 | . . 2 . . . Spaces Dug . | . . . . . . Terrain Destroyed 46 | . 5 . . . 41 Melee . | . . . . . . Projectile . | . . . . . . AOE 46 | . 5 . . . 41 Terrain Rammed . | . . . . . . Walls Destroyed . | . . . . . . Machines Disabled . | . . . . . . Actions | -11 -10 -10 -10 -9 -8 --------- Run | Jun Mat Min Exi Min Mat Total 669 | 52 101 120 215 116 65 Wait 51 | . 1 16 22 10 2 Move 572 | 40 87 104 193 104 44 Hop . | . . . . . . Pick Up 12 | 6 4 . . 1 1 Fast Attach . | . . . . . . Attach 6 | 6 . . . . . Detach . | . . . . . . Swap 3 | . 2 . . . 1 Drop . | . . . . . . Fire 24 | . 7 . . . 17 Melee . | . . . . . . Ram 1 | . . . . 1 . Kick . | . . . . . . Crush . | . . . . . . Escape Stasis . | . . . . . . Rewire . | . . . . . . Trap . | . . . . . . Miscellaneous . | . . . . . . Route ------- -11/Junkyard -10/Materials (discovered 2 exits: [*Min x2]) -10/Mines -10/Exiles (discovered 2 exits: *Min x2) -9/Mines -8/Materials (discovered 1 exit: *Sto) History --------- Turn | Location | Event 6 | -11/Junkyard | Discovered new exit (range 16) 42 | -11/Junkyard | Entered Materials 87 | -10/Materials | Discovered new exit (range 19) 91 | -10/Materials | Discovered new exit (range 14) 138 | -10/Materials | Met 8R-AWN 149 | -10/Materials | Entered Mines 150 | -10/Mines | Followed 8R-AWN into the Mines 150 | -10/Mines | Assisted by bots powering up and referring to "LRC-V3" 250 | -10/Mines | Discovered new exit (range 5) 259 | -10/Mines | Entered Exiles 259 | -10/Exiles | Accompanied by 3 allies 282 | -10/Exiles | Welcomed by 8R-AWN 307 | -10/Exiles | Discovered new exit (range 14) 317 | -10/Exiles | Build established: Mutant 332 | -10/Exiles | Learned about 8R-AWN's background 344 | -10/Exiles | Met EX-HEX 379 | -10/Exiles | Met EX-DEC 423 | -10/Exiles | Discovered new exit (range 10) 455 | -10/Exiles | Entered Mines 455 | -9/Mines | Accompanied by 3 allies 491 | -9/Mines | Met a Derelict who couldn't figure out how to use a Trap Extractor 535 | -9/Mines | Received a Rocket Launcher from a helpful Derelict 537 | -9/Mines | Met a Derelict bent on vengeance 546 | -9/Mines | Discovered new exit (range 9) 561 | -9/Mines | Entered Materials 561 | -8/Materials | Accompanied by 3 allies 561 | -8/Materials | Evolved 4 slots: Power x1, Propulsion x1, Utility x2 562 | -8/Materials | Identified exit to Storage 650 | -8/Materials | Self-destructed Last Messages --------------- 00623_ Destroyed Datajack. 00632_ Processing Tank disabled. 00636_ Trooper 1a destroyed. 00636_ Critical hit (Burn: +37). 00637_ Penetrated by Slug. 00637_ Com. Wheel destroyed. 00638_ X-62 Marksman destroyed. 00638_ G-47 Trooper destroyed. 00640_ H-61 Shepherd calls for reinforcements. 00640_ ALERT: Hostile activity reported, dispatching reinforcements to area. 00642_ A-02 Transporter destroyed. 00644_ G-47 Trooper destroyed. 00646_ Wheel destroyed. 00647_ The unstable cave ceiling collapses. 00648_ G-47 Trooper destroyed. 00649_ The unstable cave ceiling collapses. 00649_ 11 Matter crushed. 00650_ The unstable cave ceiling collapses. 00650_ Pulse Rifle crushed. Map ----- +----------------------------------------------------+ | ?????????????????????????????????????????????????? | | ??????????????????????????????????????? ???????? | | ??????????????????????????????????????? ?????? | | ??????????????????????????????????????? ?????? | | ??????????????????????????????????????? ?????? | | ??????????????????????????????????????? "?????? | | ??????????????????????????????????????? ??????? | | ??????????????????????????????????????#! ??????? | | ??????????????????????????????????????# ??????? | | ??????????????????????????????????????# #??????? | | ??????????????????????????????????????# #??????? | | ???????????????????????????? # """ # #??????? | | ???????????????????????????? # """ # #??????? | | ????????????????????????????### # #??????? | | ???????????????????????????? # # #??????? | | ???????????????????????????"" # + #??????? | | ???????????????????????????"" # # #??????? | | ???????????????????????????"" # # #??????? | | ???????????????????????????"" # "T" # #??????? | | ??????????????????????????? # # #??????? | | ????????????????????????##+#+########## ######## | | ??????????? > ### ??????#!*%!% # | | ??????????? ????#==!== # | | ??????????# ??# %%%%= # | | ??????????# Y # = ##+###############+### # | | ??????????# !H %[ @!%T #???????# # # | | ??????????# gg # ![%g ! #???????# T # # | | ??????????# !! [= % "" ##??????# # # | | ??????????? !! = [ "" #??????# ##### | | ??????????? !! [[ """ ##??????# #???? | | ????????????## # """ #???????# [ #???? | | ?????????????######?# """ #???????########???? | | ????????????????????# #??????????????????? | | ????????????????????###########??????????????????? | | ?????????????????????????????????????????????????? | | ?????????????????????????????????????????????????? | | ?????????????????????????????????????????????????? | | | | | | | | | | | | | | | | | | | | | | | | | | | +----------------------------------------------------+ Best States ------------- Heat Dissipation 31 Energy Generation 10 Energy Capacity 250 Matter Stores 300 Matter Capacity 300 Sight Range 16 Terrain Scan Density 10 Evasion (%) 50 Item Schematics ----------------- None Robot Schematics ------------------ None Fabricated ------------ Nothing Alien Tech Used ----------------- None Achievements -------------- None Challenges ------------ None Game ------ Seed NodePointChainsword Manual? 0 Play Time 00:07:13 Cumulative 58.2 hours Start 2023.05.10 @ 07:32:21 End 2023.05.10 @ 07:38:03 Sessions 1 Manual Loads 0 Difficulty Rogue Special Mode None Game No. 196 Rogue 196 Adventurer 0 Explorer 0 Win Type - Total 0 Types 0/0/0/0/0/0/0/0/0 Lore% 35 Gallery% 47 Achievement% 37 Wizard Run 0 Options --------- ASCII 0 Keyboard 0 Movement Arrows Keybinds 0 Fullscreen 1 Font 18/SmallcapsGlow Map View 76x50 Tactical HUD 1 Map Filters NONE Filters NONE Steam 1 RUN: 815ac845-e2a5-4c9b-8c68-d1130d9b5ca9